 Dungeon Sprint DCSS version 0.26-a0-660-gc07710193c (webtiles) character file.

Game seed: 14489121466603224995

120315 mhtbhm the Archmage (level 15, -8/88 HPs)
             Began as a Deep Elf Earth Elementalist on Oct 7, 2020.
             Was the Champion of Vehumet.
             Killed from afar by a shadow dragon (22 damage)
             ... with a bolt of negative energy
             ... in the Dungeon (Sprint III: "The Ten Rune Challenge").
             The game lasted 00:30:47 (8210 turns).

mhtbhm the Archmage (Deep Elf Earth Elementalist)   Turns: 8210, Time: 00:30:48

Health: -8/88      AC: 10    Str: 13    XL:     15   Next: 57%
Magic:  46/48      EV: 18    Int: 32    God:    Vehumet [******]
Gold:   2826       SH:  0    Dex: 10    Spells: 27/68 levels left

rFire    + + +     SeeInvis +   B - staff of earth
rCold    + . .     Faith    .   (no shield)
rNeg     + . .     Spirit   .   c - +2 robe {rC+ rF+}
rPois    .         Reflect  .   K - +0 hat {Int+3}
rElec    +         Harm     .   s - +0 cloak of Fun and Games {rF++ Stlth+}
rCorr    .         Rampage  .   (no gloves)
MR       +....     NoTele   +   I - +2 pair of boots {Stlth+}
Stlth    +++++.....             u - amulet "Zanetes" {Acrobat *Drain rElec Str+8 Dex-3}
HPRegen  0.24/turn              r - ring of flight
MPRegen  0.31/turn              v - ring of the Iron Devil {rN+ Dex-2 SInv Stlth+}

@: studying 2 skills, lightly drained
A: antennae 1, iridescent scales 1, clever 1
}: 2/10 runes: decaying, serpentine
a: Renounce Religion, Evoke Flight


You were in the Dungeon.
You worshipped Vehumet.
Vehumet was exalted by your worship.
You visited 1 branch You collected 3965 gold pieces.
You spent 1139 gold pieces at shops.

Inventory:

Hand Weapons
 n - a +1 dagger of venom
Missiles
 b - 49 stones (quivered)
 e - 7 curare-tipped darts
Armour
 c - a +2 robe of resistance (worn)
 s - the +0 cloak of Fun and Games (worn) {rF++ Stlth+}
   (You bought it in a shop in the Dungeon)

   It greatly protects you from fire.
   It makes you more stealthy.
 I - a +2 pair of boots of stealth (worn)
 K - a +0 hat of intelligence (worn)
Magical Staves
 B - an uncursed staff of earth (weapon)
Jewellery
 r - a ring of flight (left hand)
 u - the amulet "Zanetes" (around neck) {Acrobat *Drain rElec Str+8 Dex-3}
   (You found it in the Dungeon)

   [amulet of the acrobat]

   It helps you evade while moving and waiting.
   It affects your strength (+8).
   It affects your dexterity (-3).
   It insulates you from electricity.
   It causes draining when unequipped.
 v - the ring of the Iron Devil (right hand) {rN+ Dex-2 SInv Stlth+}
   (You found it in the Dungeon)

   [ring of see invisible]

   It affects your dexterity (-2).
   It protects you from negative energy.
   It lets you see invisible.
   It makes you more stealthy.
 z - an uncursed amulet of the acrobat {unknown}
 F - an uncursed ring of resist corrosion {unknown}
Wands
 o - a wand of digging (7)
 E - a wand of enslavement (6)
Scrolls
 a - 6 scrolls of identify
 k - a scroll of immolation
 l - 4 scrolls of remove curse
 t - a scroll of blinking
 x - 6 scrolls of amnesia {unknown}
 C - a scroll of fog {unknown}
 D - a scroll of enchant weapon {unknown}
 G - a scroll of random uselessness {unknown}
Potions
 f - a potion of lignification {unknown}
 g - a potion of magic
 h - 2 potions of berserk rage
 i - a potion of heal wounds
 j - 6 potions of mutation
 m - 3 potions of flight
 p - a potion of might
Books
 w - a manual of Air Magic
 A - a manual of Unarmed Combat
Miscellaneous
 q - a phantom mirror
 y - a lightning rod (4/4)
 H - a phantom mirror


   Skills:
 + Level 7.8(7.4) Fighting
 + Level 14.1(13.7) Dodging
 - Level 2.5(2.2) Stealth
 O Level 27(26.3) Spellcasting
 + Level 22.5(22.0) Conjurations
 + Level 12.4(12.0) Transmutations
 + Level 2.5(2.1) Air Magic
 O Level 27(26.3) Earth Magic
 + Level 2.0(1.6) Poison Magic
 + Level 8.0(7.6) Evocations


You had 27 spell levels left.
You knew the following spells:

 Your Spells              Type           Power        Failure   Level
a - Sandblast             Erth           ######       0%          1
b - Passwall              Tmut/Erth      ########     0%          2
c - Stone Arrow           Conj/Erth      ######       0%          3
d - Lee's Rapid Deconstr  Erth           ########..   0%          5
e - Petrify               Tmut/Erth      ########     0%          4
f - Iron Shot             Conj/Erth      ########..   0%          6
g - Mephitic Cloud        Conj/Pois/Air  #######.     1%          3
h - Shatter               Erth           ########..   1%          9
i - Lehudib's Crystal Sp  Conj/Erth      ########..   1%          8

Your spell library contained the following spells:

 Spells                   Type           Power        Failure   Level
 Absolute Zero            Ice            #####.....   100%        9
 Magic Dart               Conj           ####         0%          1
 Shock                    Conj/Air       ####         0%          1
 Conjure Flame            Conj/Fire      #######.     0%          3
 Static Discharge         Conj/Air       #######.     0%          3
 Freeze                   Ice            ####         1%          1
 Blink                    Tloc           N/A          1%          2
 Call Imp                 Summ           #####...     1%          2
 Corpse Rot               Necr/Air       N/A          1%          2
 Slow                     Hex            #####...     1%          2
 Sublimation of Blood     Necr           #####.....   1%          2
 Swiftness                Air            ######..     1%          2
 Frozen Ramparts          Ice            #####.       1%          3
 Gell's Gravitas          Tloc           #####.....   1%          3
 Ozocubu's Armour         Ice            #####...     1%          3
 Teleport Other           Tloc           #####...     1%          3
 Airstrike                Air            ######....   1%          4
 Hailstorm                Conj/Ice       #######.     1%          4
 Lightning Bolt           Conj/Air       #######...   1%          5
 Freezing Cloud           Conj/Ice/Air   #######...   1%          6
 Dispel Undead            Necr           #####...     5%          4
 Agony                    Necr           #####...     16%         5
 Excruciating Wounds      Necr           #####.....   16%         5
 Metabolic Englaciation   Hex/Ice        #####.....   16%         5
 Summon Forest            Summ/Tloc      #####.....   16%         5
 Simulacrum               Ice/Necr       #####.....   65%         6
 Malign Gateway           Summ/Tloc      #####.....   99%         7


Dungeon Overview and Level Annotations

Branches:
Dungeon (1/1)

Altars:
Cheibriados
Dithmenos
Elyvilon
Fedhas
Gozag
Hepliaklqana
Kikubaaqudgha
Makhleb
Nemelex Xobeh
Okawaru
Qazlal
Ru
Sif Muna
Trog
Uskayaw
Vehumet
Wu Jian
Xom
Yredelemnul
Zin
The Shining One
Beogh
Jiyva
Lugonu

Shops:
D :?[=!(:!}((=??:?[:


Innate Abilities, Weirdness & Mutations

You have a pair of small antennae on your head.
You are partially covered in iridescent scales. (AC +2)
Your mind is acute. (Int +2)


Message History

You kill the vault guard!
Vehumet accepts your kill.
You feel your power returning.
Your life force feels restored.
Your Dodging skill increases to level 14!
The vault guard is severely wounded.
You kill the titan!
Vehumet accepts your kill.
You feel your power returning.
Your Poison Magic skill increases to level 2!
Your Evocations skill increases to level 8!
The golden dragon is heavily wounded.
The quicksilver dragon is almost dead.
The vault guard is severely wounded.
You kill the butterfly!
Ka-crash!
The quicksilver dragon is engulfed in noxious fumes.
The shadow dragon breathes negative energy at you.
The bolt of negative energy hits you!! You partially resist.
You feel drained.
You die...

▓
###******.#.#.####.#..▓
|.#*,,,,,.).D...@≈≈≈≈#
#|#*,,,,,..)☼○D.≈≈≈≈≈#
#[#*,,,,,).§○§...≈≈≈≈#
#[#*,,,,,).D☼).#.≈≈≈.#
=[#*,,,,,..D....≈≈≈≈≈.▓
###*,,,,,)p.)p.#.≈...#▓
#***,,,,,).)..,......#
#,**,,,,{..)..,.......
#**#################§#


You could see a shadow dragon (catching breath), a golden dragon, 2 quicksilver
dragons and 2 vault guards.

Vanquished Creatures
  Frederick (D)
  Xtahua (D)
  Rupert (D)
  2 titans (D)
  A lich (D)
  A deep elf blademaster (D)
  Frances (D)
  Gastronok (D)
  Chuck (D)
  2 shadow dragons (D)
  A nagaraja (D)
  Donald (D)
  4 azure jellies (D)
  A frost giant (D)
  A fire giant (D)
  A deep elf demonologist (D)
  2 deep elf annihilators (D)
  2 dire elephants (D)
  A vampire knight (D)
  2 fire dragons (D)
  Josephine (D)
  A yaktaur captain (D)
  14 vault guards (D)
  2 deep elf high priests (D)
  A boulder beetle (shapeshifter) (D)
  A naga warrior (D)
  An anaconda (D)
  3 centaur warriors (D)
  4 dancing weapons (D)
  An ogre mage (D)
  4 death yaks (D)
  Urug (D)
  A shock serpent (shapeshifter) (D)
  A death drake (D)
  An unseen horror (D)
  3 skeletal warriors (D)
  A spriggan druid (D)
  2 obsidian statues (D)
  7 deep elf magi (D)
  A lindwurm (D)
  An orc sorcerer (D)
  4 crystal guardians (D)
  4 ugly things (D)
  2 cyclopes (shapeshifter) (D)
  A faun (shapeshifter) (D)
  A wolf spider (shapeshifter) (D)
  A guardian serpent (D)
  2 elephants (D)
  A torpor snail (shapeshifter) (D)
  6 black mambas (D)
  4 statues (D)
  2 cane toads (D)
  A komodo dragon (D)
  A rime drake (D)
  3 wandering mushrooms (D)
  4 spriggan defenders (D)
  A hornet (D)
  A queen bee (D)
  3 orc high priests (D)
  2 tyrant leeches (D)
  8 blink frogs (D)
  4 slime creatures (D)
  3 redbacks (D)
  2 spriggans (D)
  A shadow (D)
  2 nagas (D)
  A spatial vortex (D)
  2 hell hounds (D)
  5 water moccasins (D)
  A hydra simulacrum (D)
  A swamp drake (D)
  3 orc warriors (D)
  A fire dragon simulacrum (D)
  A black mamba simulacrum (D)
  A necrophage (D)
  2 centaurs (D)
  An earth elemental (D)
  A water elemental (D)
  A scorpion (D)
  32 killer bees (D)
  An electric eel (D)
  A jelly (D)
  4 orc priests (D)
  A wizard (D)
  Jessica (D)
  A necromancer (D)
  An orc wizard (D)
  A wolf simulacrum (D)
  A kobold demonologist (D)
  3 humans (D)
  6 adders (D)
  10 orcs (D)
  3 rats (D)
  5 butterflies (D)
236 creatures vanquished.

Vanquished Creatures (others)
  3 hydras (D)
  A bush (D)
  25 plants (D)
29 creatures vanquished.

Grand Total: 265 creatures vanquished

Notes
Turn   | Place    | Note
-------+----------+-------------------------------------------
     0 | D        | mhtbhm the Deep Elf Earth Elementalist began the quest for
                  | the Orb.
     0 | D        | Reached XP level 1. HP: 10/10 MP: 6/6
   167 | D        | Noticed Jessica
   170 | D        | Killed Jessica
   170 | D        | Reached XP level 2. HP: 15/15 MP: 4/9
   174 | D        | Learned a level 2 spell: Passwall
   214 | D        | Gained mutation: You are agile. (Dex +2) [potion of
                  | mutation]
   214 | D        | Lost mutation: You are agile. (Dex +2) [potion of mutation]
   214 | D        | Gained mutation: Potions are less effective at restoring
                  | your health. [potion of mutation]
   214 | D        | Gained mutation: You are partially covered in iridescent
                  | scales. (AC +2) [potion of mutation]
   215 | D        | Lost mutation: Potions are less effective at restoring your
                  | health. [potion of mutation]
   215 | D        | Gained mutation: Your mind is acute. (Int +2) [potion of
                  | mutation]
   215 | D        | Gained mutation: You have a pair of small antennae on your
                  | head. [potion of mutation]
   233 | D        | Noticed a scorpion
   239 | D        | Reached skill level 5 in Spellcasting
   239 | D        | Reached XP level 3. HP: 19/19 MP: 4/12
   244 | D        | Killed a scorpion
   244 | D        | Reached XP level 4. HP: 24/24 MP: 0/14
   324 | D        | Learned a level 3 spell: Stone Arrow
   349 | D        | Noticed a water elemental
   353 | D        | Killed a water elemental
   353 | D        | Reached XP level 5. HP: 28/28 MP: 10/17
   403 | D        | Learned a level 5 spell: Lee's Rapid Deconstruction
   408 | D        | Learned a level 4 spell: Petrify
   416 | D        | Found a radiant altar of Vehumet.
   416 | D        | Found a shimmering blue altar of Sif Muna.
   416 | D        | Found an ancient bone altar of Kikubaaqudgha.
   418 | D        | Reached skill level 5 in Dodging
   430 | D        | Became a worshipper of Vehumet
   529 | D        | Found a basalt altar of Yredelemnul.
   529 | D        | Found a shadowy altar of Dithmenos.
   529 | D        | Found a sacrificial altar of Ru.
   529 | D        | Noticed a necrophage
   531 | D        | Killed a necrophage
   531 | D        | Reached skill level 10 in Spellcasting
   531 | D        | Reached skill level 10 in Earth Magic
   531 | D        | Reached XP level 6. HP: 32/32 MP: 8/21
   614 | D        | Found a hide-covered altar of Uskayaw.
   614 | D        | Found a roughly hewn altar of Beogh.
   614 | D        | Found an iron altar of Okawaru.
   614 | D        | Found a bloodstained altar of Trog.
   614 | D        | Found an ornate altar of the Wu Jian Council.
   614 | D        | Noticed a human
   614 | D        | Noticed a human
   615 | D        | Killed a human
   615 | D        | Reached * piety under Vehumet
   615 | D        | Offered knowledge of Shock by Vehumet.
   617 | D        | Killed a human
   617 | D        | Reached XP level 7. HP: 36/36 MP: 9/25
   700 | D        | Found a glowing silver altar of Zin.
   700 | D        | Found a glowing golden altar of the Shining One.
   700 | D        | Found a white marble altar of Elyvilon.
   700 | D        | Noticed a deep elf mage
   702 | D        | Killed a deep elf mage
   702 | D        | Reached XP level 8. HP: 41/41 MP: 18/28
   752 | D        | Offered knowledge of Freeze by Vehumet.
   752 | D        | Reached ** piety under Vehumet
   754 | D        | Reached skill level 15 in Spellcasting
   797 | D        | Found a blossoming altar of Fedhas.
   797 | D        | Found a stormy altar of Qazlal.
   797 | D        | Found a snail-covered altar of Cheibriados.
   797 | D        | Found a burning altar of Makhleb.
   797 | D        | Found a shimmering altar of Xom.
   798 | D        | Found a hazy altar of Hepliaklqana.
   798 | D        | Found an opulent altar of Gozag.
   798 | D        | Found a sparkling altar of Nemelex Xobeh.
   798 | D        | Found a corrupted altar of Lugonu.
   798 | D        | Found a viscous altar of Jiyva.
   851 | D        | Noticed Josephine
   860 | D        | Killed Josephine
   860 | D        | Reached skill level 15 in Earth Magic
   860 | D        | Reached XP level 9. HP: 17/45 MP: 4/31
  1049 | D        | Offered knowledge of Dazzling Flash by Vehumet.
  1049 | D        | Reached *** piety under Vehumet
  1135 | D        | Killed a centaur warrior
  1237 | D        | Killed an unseen horror
  1237 | D        | Offered knowledge of Frozen Ramparts by Vehumet.
  1237 | D        | Reached **** piety under Vehumet
  1327 | D        | Noticed a wandering mushroom
  1331 | D        | Noticed a wandering mushroom
  1336 | D        | Killed a wandering mushroom
  1336 | D        | Reached skill level 1 in Fighting
  1337 | D        | Noticed a wandering mushroom
  1343 | D        | Killed a wandering mushroom
  1343 | D        | Reached XP level 10. HP: 52/52 MP: 19/35
  1478 | D        | Noticed a cane toad
  1478 | D        | Noticed a cane toad
  1487 | D        | Killed a cane toad
  1487 | D        | Offered knowledge of Lightning Bolt by Vehumet.
  1487 | D        | Killed a cane toad
  1487 | D        | Reached ***** piety under Vehumet
  1495 | D        | Reached skill level 5 in Transmutations
  1658 | D        | Offered knowledge of Iron Shot by Vehumet.
  1732 | D        | Learned a level 6 spell: Iron Shot
  1841 | D        | Killed a lindwurm
  1967 | D        | Noticed Urug
  2373 | D        | Noticed Donald
  2373 | D        | Noticed Frances
  2383 | D        | Reached skill level 1 in Conjurations
  2384 | D        | Offered knowledge of Irradiate by Vehumet.
  2386 | D        | Reached ****** piety under Vehumet
  2394 | D        | Reached XP level 11. HP: 45/56 MP: 14/38
  2520 | D        | Found Axtis's Book Emporium.
  2520 | D        | Noticed an orc sorcerer
  2523 | D        | Killed an orc sorcerer
  2523 | D        | Offered knowledge of Orb of Destruction by Vehumet.
  2777 | D        | Noticed a deep elf mage
  2777 | D        | Noticed a deep elf mage
  2777 | D        | Noticed a deep elf mage
  2777 | D        | Noticed a deep elf mage
  2777 | D        | Noticed a deep elf mage
  2783 | D        | Killed a deep elf mage
  2783 | D        | Killed a deep elf mage
  2787 | D        | Killed a deep elf mage
  2787 | D        | Killed a deep elf mage
  2788 | D        | Killed a deep elf mage
  2788 | D        | Offered knowledge of Freezing Cloud by Vehumet.
  2840 | D        | Identified the +7 mace "Xeinagen" {freeze, rN+ MP+9}
  2840 | D        | Identified the +7 chain mail of the Crypt {rElec}
  2840 | D        | Noticed a deep elf high priest
  2840 | D        | Noticed a deep elf demonologist
  2846 | D        | Noticed a deep elf mage
  2849 | D        | Killed a deep elf mage
  2849 | D        | Noticed a deep elf blademaster
  2852 | D        | Noticed a shadow demon
  2853 | D        | Killed a deep elf demonologist
  2854 | D        | Killed a deep elf blademaster
  2854 | D        | Noticed a deep elf annihilator
  2855 | D        | Killed a deep elf annihilator
  2857 | D        | Noticed a deep elf annihilator
  2858 | D        | Killed a deep elf annihilator
  2858 | D        | Reached XP level 12. HP: 60/61 MP: 16/42
  2861 | D        | Noticed a deep elf high priest
  2959 | D        | Killed a deep elf high priest
  2960 | D        | Killed a deep elf high priest
  3057 | D        | Learned a level 3 spell: Mephitic Cloud
  3064 | D        | Killed Donald
  3066 | D        | Killed Frances
  3066 | D        | Offered knowledge of Spellforged Servitor by Vehumet.
  3066 | D        | Reached skill level 1 in Poison Magic
  3415 | D        | Found Veiniv's Magic Scroll Emporium.
  3415 | D        | Found Redilus's Book Shoppe.
  3415 | D        | Found Faommash's Jewellery Boutique.
  3415 | D        | Found Tesumogh's Magic Scroll Emporium.
  3415 | D        | Found Ficoiliph's Antique Armour Shop.
  3415 | D        | Found Nohonatu's Magic Scroll Emporium.
  3415 | D        | Found Ibbur's Book Boutique.
  3416 | D        | Found Vinud's Antique Weapon Boutique.
  3416 | D        | Found Ciaxir's Weapon Shoppe.
  3416 | D        | Found Arootyte's Gadget Shop.
  3416 | D        | Found Otuacwets's Distillery.
  3452 | D        | Bought a potion of flight for 33 gold pieces
  3452 | D        | Bought a potion of heal wounds for 55 gold pieces
  3455 | D        | Bought a cursed ring of flight for 188 gold pieces
  3460 | D        | Bought a scroll of magic mapping for 45 gold pieces
  3460 | D        | Bought a scroll of blinking for 97 gold pieces
  3554 | D        | Killed an eight-headed hydra
  3634 | D        | Killed a seven-headed hydra
  3639 | D        | Got a sparkling steel amulet
  3639 | D        | Got a clouded lapis lazuli ring
  3640 | D        | Identified the Volume of Ice
  3644 | D        | Identified Sif Muna's Grimoire of Translocation
  3687 | D        | Identified the amulet "Zanetes" {Acrobat *Drain rElec Str+8
                  | Dex-3} (You found it in the Dungeon)
  3687 | D        | Identified the ring of the Iron Devil {rN+ Dex-2 SInv
                  | Stlth+} (You found it in the Dungeon)
  3963 | D        | Offered knowledge of Bolt of Magma by Vehumet.
  3970 | D        | Reached skill level 1 in Evocations
  4173 | D        | Offered knowledge of Ignition by Vehumet.
  4436 | D        | Reached skill level 27 in Spellcasting
  4494 | D        | Noticed a centaur warrior
  4496 | D        | Killed a centaur warrior
  4496 | D        | Reached XP level 13. HP: 67/67 MP: 37/46
  4502 | D        | Offered knowledge of Lehudib's Crystal Spear by Vehumet.
  4502 | D        | Offered knowledge of Shatter by Vehumet.
  4502 | D        | Offered knowledge of Absolute Zero by Vehumet.
  4620 | D        | Noticed a fire dragon
  4625 | D        | Killed a fire dragon
  5006 | D        | Learned a level 9 spell: Shatter
  5015 | D        | Learned a level 8 spell: Lehudib's Crystal Spear
  5135 | D        | Noticed Chuck
  5138 | D        | Killed Chuck
  5138 | D        | Reached skill level 1 in Air Magic
  5256 | D        | Noticed a vampire knight
  5261 | D        | Killed a vampire knight
  5730 | D        | Noticed Rupert
  5734 | D        | Killed Rupert
  5819 | D        | Reached skill level 27 in Earth Magic
  5835 | D        | Noticed an azure jelly
  5835 | D        | Noticed an azure jelly
  5836 | D        | Noticed an azure jelly
  5836 | D        | Noticed an azure jelly
  5862 | D        | Noticed a fire dragon
  5868 | D        | Killed a fire dragon
  5868 | D        | Reached skill level 5 in Conjurations
  5962 | D        | Noticed Xtahua
  5998 | D        | Killed Xtahua
  5998 | D        | Reached XP level 14. HP: 18/76 MP: 18/47
  6265 | D        | Found Pisyrghui's Book Shoppe.
  6265 | D        | Found Miveacus's Magic Scroll Boutique.
  6265 | D        | Found Fibefe's Antique Armour Emporium.
  6458 | D        | Got a decaying rune of Zot
  6473 | D        | Bought a brightly glowing cloak for 275 gold pieces
  6473 | D        | Bought a pair of embroidered boots for 217 gold pieces
  6473 | D        | Bought a glowing hat for 203 gold pieces
  6478 | D        | Identified the +0 cloak of Fun and Games {rF++ Stlth+} (You
                  | bought it in a shop in the Dungeon)
  6480 | D        | Bought a scroll of identify for 26 gold pieces
  6587 | D        | Killed an azure jelly
  6588 | D        | Killed an azure jelly
  6588 | D        | Reached skill level 10 in Conjurations
  6589 | D        | Killed an azure jelly
  6589 | D        | Reached skill level 5 in Fighting
  6592 | D        | Killed an azure jelly
  6629 | D        | Noticed Gastronok
  6635 | D        | Killed Gastronok
  6635 | D        | Reached skill level 10 in Dodging
  6635 | D        | Reached skill level 5 in Evocations
  6737 | D        | Killed Urug
  6818 | D        | Found a blossoming altar of Fedhas.
  7119 | D        | Noticed a nagaraja
  7124 | D        | Reached skill level 15 in Conjurations
  7126 | D        | Killed a nagaraja
  7172 | D        | Found Goylir's Jewellery Shop.
  7172 | D        | Found Suodask's Distillery.
  7374 | D        | Found Urol's Antique Weapon Boutique.
  7411 | D        | Reached skill level 10 in Transmutations
  7416 | D        | Got a serpentine rune of Zot
  7729 | D        | Noticed Frederick
  7848 | D        | Killed Frederick
  7935 | D        | Noticed a lich
  7936 | D        | Killed a lich
  7997 | D        | Noticed a shadow dragon
  8000 | D        | Noticed a shadow dragon
  8005 | D        | Killed a shadow dragon
  8005 | D        | Reached XP level 15. HP: 72/85 MP: 26/48
  8013 | D        | Killed a shadow dragon
  8205 | D        | Noticed a shadow dragon
  8205 | D        | Noticed a frost giant
  8205 | D        | Noticed a quicksilver dragon
  8205 | D        | Noticed a golden dragon
  8205 | D        | Noticed a titan
  8205 | D        | Noticed a quicksilver dragon
  8205 | D        | Noticed a fire giant
  8207 | D        | Killed a titan
  8207 | D        | Killed a fire giant
  8207 | D        | Noticed a titan
  8208 | D        | Killed a frost giant
  8210 | D        | Killed a titan
  8210 | D        | Killed from afar by a shadow dragon

Illustrated notes

Levels and vault maps discovered:
D:        dungeon_sprint_mu [sprint_mu_entry_cave, sprint_mu_temple_rooms,
          sprint_mu_d1_horrors, sprint_mu_d2_genie, sprint_mu_d3_branching,
          sprint_mu_orc_legion, sprint_mu_elf_gauntlet, sprint_mu_hive_nellie,
          sprint_mu_lair_fedhas, sprint_mu_vaults_butterflies,
          sprint_mu_slime_circle, sprint_mu_swamp_cave, sprint_mu_snake_twists,
          sprint_mu_blade_basic, sprint_mu_crypt_chambers,
          sprint_mu_tomb_spiral, sprint_mu_vestibule_basic,
          sprint_mu_gehenna_hellfire, sprint_mu_dis_giant,
          sprint_mu_tartarus_statrot, sprint_mu_cocytus_islands, sprint_mu_zot1]

Skill      XL: |  1  2  3  4  5  6  7  8  9 10 11 12 13 14 15 |
---------------+----------------------------------------------+-----
Dodging        | 3 4 5 6 7 8 12 14 | 14.1
Spellcasting   | 4 5 6 8 10 12 14 16 19 21 24 27 | 27.0
Earth Magic    | 6 7 9 10 12 13 15 16 18 20 23 27 | 27.0
Transmutations | 2 3 4 5 7 11 12 | 12.4
Fighting       | 1 2 4 6 7 |  7.8
Conjurations   | 1 8 18 22 | 22.5
Poison Magic   | 1 2 |  2.0
Evocations     | 1 3 6 8 |  8.0
Air Magic      | 2 |  2.5
Stealth        | |  2.5

Action                   |  1- 3 |  4- 6 |  7- 9 | 10-12 | 13-15 || total
-------------------------+-------+-------+-------+-------+-------++-------
Melee: Unarmed           |     1 |       |       |       |       ||     1
       Dagger            |       |       |     1 |     1 |       ||     2
       Staff             |       |       |       |     8 |    13 ||    21
 Cast: Sandblast         |    14 |     5 |     1 |     4 |     2 ||    26
       Passwall          |     1 |       |       |       |       ||     1
       Lee's Rapid Decon |       |     7 |    19 |   106 |    93 ||   225
       Petrify           |       |       |     4 |     7 |     6 ||    17
       Stone Arrow       |       |       |     6 |     5 |    13 ||    24
       Iron Shot         |       |       |       |     2 |     2 ||     4
       Mephitic Cloud    |       |       |       |     1 |     2 ||     3
       Lehudib's Crystal |       |       |       |       |    20 ||    20
       Shatter           |       |       |       |       |     4 ||     4
 Abil: Evoke Flight      |       |       |       |     2 |     1 ||     3
Evoke: Wand              |       |       |       |     1 |     2 ||     3
       Lightning rod     |       |       |       |       |     1 ||     1
  Use: Potion            |     2 |       |       |     3 |     4 ||     9
       Scroll            |       |       |       |     3 |     1 ||     4
Armor: Robe              |       |       |       |     8 |     4 ||    12
Dodge: Dodged            |     7 |     2 |     1 |    34 |    34 ||    78

Table legend: (Time is in decaauts)
 A = Elapsed time spent in this place.
 B = Non-inter-level travel time spent in this place.
 C = Inter-level travel time spent in this place.
 D = Time resting spent in this place.
 E = Time spent auto-exploring this place.
 F = Levels seen in this place.
 G = Mean time per level.
                   A        B        C        D        E       F      G
               +--------+--------+--------+--------+--------+-----+--------+
         Total |   8256 |   8256 |      0 |   5479 |     16 |   1 | 8256.0 |
       Dungeon |   8256 |   8256 |      0 |   5479 |     16 |   1 | 8256.0 |
               +--------+--------+--------+--------+--------+-----+--------+

Top non-repeatable levels by time:
       D: 8256 daAuts
